 Dungeon Sprint DCSS version 0.17-a0-1504-gb7d9117 (webtiles) character file.

3311 nuthulu the Warrior (level 10, -9/79 HPs)
             Began as a Gargoyle Fighter on July 8, 2015.
             Was an Elder of Okawaru.
             Mangled by a komodo dragon (21 damage)
             ... in the Dungeon (Sprint IX: "|||||||||||||||||||||||||||||").
             The game lasted 00:03:12 (954 turns).

nuthulu the Warrior (Gargoyle Fighter)               Turns: 954, Time: 00:03:12

Health: -9/79      AC: 20    Str: 22    XL:     10   Next: 1%
Magic:  10/10      EV:  9    Int:  9    God:    Okawaru [****..]
Gold:   13         SH:  9    Dex: 13    Spells: 0 memorised, 9 levels left

rFire  . . .     SeeInvis .     a - +0 flail
rCold  . . .     Clarity  .     q - +1 scale mail
rNeg   + . .     SustAt   .     c - +0 shield
rPois  ∞         Gourm    .     p - +1 helmet
rElec  +         Spirit   .     (no cloak)
rCorr  .         Warding  .     o - +1 pair of gloves
rMut   .         NoTele   +     (no boots)
MR     .....                    (no amulet)
Stlth  ..........               r - +3 ring of dexterity
                                b - +2 ring of evasion

@: studying Armour, not resistant to hostile enchantments, extremely unstealthy
A: negative energy resistance 1, electricity resistance, unbreathing,
petrification resistance, rot immunity, AC +7
a: Heroism, Renounce Religion


You were in the Dungeon.
You worshipped Okawaru.
Okawaru was greatly pleased with you.
You were hungry.

You visited 1 branch You collected 13 gold pieces.

Inventory:

Hand weapons
 a - a +0 flail (weapon)
Armour
 c - a +0 shield (worn)
 o - a +1 pair of gloves (worn)
 p - a +1 helmet (worn)
 q - a +1 scale mail (worn)
Jewellery
 b - a +2 ring of evasion (left hand)
 r - a +3 ring of dexterity (right hand)
Magical devices
 n - a wand of draining (7)
Scrolls
 j - 4 scrolls of remove curse
 k - 3 scrolls of blinking
 m - 2 scrolls of amnesia
 t - a scroll of recharging
 u - 2 scrolls of fog
Potions
 d - a potion of brilliance
 f - 7 potions of curing
 g - a potion of heal wounds
 h - 2 potions of haste
 i - 4 potions of magic
 l - a potion of cure mutation
Books
 s - a manual of Armour
Comestibles
 e - a bread ration


   Skills:
 + Level 16.7 Fighting
 - Level 14.7 Maces & Flails
 + Level 8.2 Armour
 - Level 3.2 Shields


You had 9 spell levels left.
You didn't know any spells.

Dungeon Overview and Level Annotations

Branches:
Dungeon (1/1)

Altars:
Cheibriados
Dithmenos
Elyvilon
Fedhas
Gozag
Kikubaaqudgha
Makhleb
Nemelex Xobeh
Okawaru
Qazlal
Ru
Sif Muna
Trog
Vehumet
Xom
Yredelemnul
Zin
The Shining One
Beogh
Jiyva
Lugonu


Innate Abilities, Weirdness & Mutations

You are resistant to torment.
Your stone body is resilient (AC +7).
You are immune to poison.
You resist negative energy.
You are resistant to electric shocks.
You can survive without breathing.
You are immune to petrification.
You are immune to rotting.


Message History

You block the komodo dragon's attack.
You hit the komodo dragon but do no damage.
The komodo dragon is severely wounded.
The komodo dragon bites you but does no damage.
You sock the komodo dragon!
The komodo dragon is almost dead.
The komodo dragon bites you!
* * * LOW HITPOINT WARNING * * *
You barely miss the komodo dragon.
The komodo dragon is almost dead.
You closely miss the komodo dragon.
The komodo dragon is almost dead.
You block the komodo dragon's attack.
You sock the komodo dragon!
The komodo dragon is almost dead.
The komodo dragon closely misses you.
You closely miss the komodo dragon.
The komodo dragon is almost dead.
The komodo dragon bites you!!
You die...

▓.▓.▓_▓
▓.▓.▓_▓
▓.▓.▓_▓
▓.▓.▓_▓
▓.▓.▓_▓
▓.▓.▓_▓
▓.▓.▓_▓
▓'▓.▓_▓
▓@▓.▓_▓
▓l▓.▓_▓
▓S▓.▓_▓
▓.▓.▓_▓
▓.▓.▓_▓
▓.▓.▓_▓
▓.▓.▓_▓
▓.▓.▓'▓
▓.▓.▓


You could see a komodo dragon and a water moccasin.

Vanquished Creatures
  A hydra (D)
  A hill giant (D)
  A spiny frog (D)
  A polar bear (D)
  A trapdoor spider (D)
  A deep elf mage (D)
  2 hippogriffs (D)
  A hungry ghost (D)
  A water moccasin (D)
  An eye of draining (D)
  A porcupine (D)
  A crocodile (D)
  A big kobold (D)
  3 giant frogs (D)
  A wight (D)
  A crimson imp (D)
  A hound (D)
  A jelly (D)
  4 iguanas (D)
  An orc wizard (D)
  A river rat (D)
  A gnoll (D)
  An adder zombie (D)
  A worm (D)
  A giant gecko (D)
  A bat (D)
  A goblin (D)
  A hobgoblin (D)
  A giant gecko skeleton (D)
  2 rats (D)
37 creatures vanquished.

Vanquished Creatures (others)
  A troll (D)
1 creature vanquished.

Grand Total: 38 creatures vanquished

Notes
Turn   | Place    | Note
--------------------------------------------------------------
     0 | D        | nuthulu the Gargoyle Fighter began the quest for the Orb.
     0 | D        | Reached XP level 1. HP: 14/14 MP: 1/1
    14 | D        | Reached skill level 4 in Fighting
   127 | D        | Noticed a jelly
   127 | D        | Noticed an orc wizard
   142 | D        | Reached XP level 2. HP: 20/20 MP: 2/2
   145 | D        | HP: 1/30 [acid (10)]
   146 | D        | Killed a jelly
   146 | D        | Reached skill level 6 in Fighting
   146 | D        | Reached skill level 5 in Maces & Flails
   146 | D        | Reached XP level 3. HP: 1/27 MP: 3/3
   151 | D        | Killed an orc wizard
   151 | D        | Reached skill level 7 in Fighting
   151 | D        | Reached XP level 4. HP: 2/34 MP: 4/4
   178 | D        | Found a glowing silver altar of Zin.
   178 | D        | Found a glowing golden altar of the Shining One.
   178 | D        | Found an ancient bone altar of Kikubaaqudgha.
   178 | D        | Found a basalt altar of Yredelemnul.
   178 | D        | Found a shimmering altar of Xom.
   178 | D        | Found a radiant altar of Vehumet.
   179 | D        | Found an iron altar of Okawaru.
   180 | D        | Found a burning altar of Makhleb.
   181 | D        | Found a deep blue altar of Sif Muna.
   182 | D        | Found a bloodstained altar of Trog.
   183 | D        | Found a sparkling altar of Nemelex Xobeh.
   184 | D        | Found a white marble altar of Elyvilon.
   185 | D        | Found a roughly hewn altar of Beogh.
   186 | D        | Found a viscous altar of Jiyva.
   187 | D        | Became a worshipper of Warmaster Okawaru
   188 | D        | Found a corrupted altar of Lugonu.
   189 | D        | Found a blossoming altar of Fedhas.
   190 | D        | Found a snail-covered altar of Cheibriados.
   191 | D        | Found a shadowy altar of Dithmenos.
   192 | D        | Found a stormy altar of Qazlal.
   193 | D        | Found an opulent altar of Gozag.
   194 | D        | Found a sacrificial altar of Ru.
   248 | D        | Noticed an eye of draining
   248 | D        | Noticed a wight
   248 | D        | Noticed a big kobold
   248 | D        | Noticed a crimson imp
   265 | D        | Killed an eye of draining
   265 | D        | Reached skill level 9 in Fighting
   265 | D        | Reached XP level 5. HP: 38/41 MP: 0/5
   274 | D        | Killed a wight
   292 | D        | Killed a big kobold
   292 | D        | Acquired Okawaru's first power
   292 | D        | Reached skill level 10 in Fighting
   292 | D        | Reached XP level 6. HP: 43/48 MP: 2/6
   306 | D        | Killed a crimson imp
   329 | D        | Noticed a hound
   329 | D        | Noticed a hill giant
   329 | D        | Noticed a troll
   329 | D        | Noticed a deep elf mage
   329 | D        | Noticed a hungry ghost
   329 | D        | Noticed a trapdoor spider
   340 | D        | Killed a trapdoor spider
   340 | D        | Reached skill level 11 in Fighting
   340 | D        | Reached skill level 10 in Maces & Flails
   340 | D        | Reached XP level 7. HP: 34/55 MP: 4/7
   352 | D        | Killed a hill giant
   352 | D        | Reached skill level 13 in Fighting
   352 | D        | Reached XP level 8. HP: 39/63 MP: 5/8
   357 | D        | Killed a hound
   360 | D        | Killed a troll
   370 | D        | Killed a deep elf mage
   378 | D        | Killed a hungry ghost
   378 | D        | Reached skill level 14 in Fighting
   637 | D        | Noticed an iguana
   637 | D        | Noticed a crocodile
   637 | D        | Noticed a giant frog
   637 | D        | Noticed an iguana
   637 | D        | Noticed a giant frog
   641 | D        | Noticed an iguana
   645 | D        | Killed an iguana
   651 | D        | Killed a crocodile
   653 | D        | Noticed a giant frog
   655 | D        | Noticed a spiny frog
   663 | D        | Killed a giant frog
   668 | D        | Killed an iguana
   672 | D        | Killed a giant frog
   678 | D        | Killed an iguana
   685 | D        | Killed a spiny frog
   685 | D        | Reached skill level 15 in Fighting
   685 | D        | Reached XP level 9. HP: 22/71 MP: 7/9
   688 | D        | Killed a giant frog
   885 | D        | Noticed an iguana
   885 | D        | Noticed a six-headed hydra
   885 | D        | Noticed a porcupine
   885 | D        | Noticed a hippogriff
   885 | D        | Noticed a polar bear
   885 | D        | Noticed a hippogriff
   891 | D        | Noticed a water moccasin
   894 | D        | Killed a six-headed hydra
   894 | D        | Reached skill level 16 in Fighting
   895 | D        | Noticed a komodo dragon
   900 | D        | Killed an iguana
   905 | D        | Killed a porcupine
   906 | D        | Noticed a water moccasin
   913 | D        | Killed a hippogriff
   913 | D        | Reached skill level 5 in Armour
   923 | D        | Killed a polar bear
   929 | D        | Killed a hippogriff
   936 | D        | Killed a water moccasin
   936 | D        | Reached XP level 10. HP: 18/79 MP: 10/10
   938 | D        | HP: 3/79 [komodo dragon (15)]
   954 | D        | Mangled by a komodo dragon

Vault maps used:
D:        linesprint

Action                   |  1- 3 |  4- 6 |  7- 9 | 10-12 || total
-------------------------+-------+-------+-------+-------++-------
Melee: Flail             |    35 |    61 |   134 |    17 ||   247
Invok: Heroism           |       |     1 |     2 |       ||     3
  Use: Potion            |     2 |     1 |     1 |     1 ||     5
       Scroll            |       |       |     2 |       ||     2
 Stab: Invisible         |       |       |     6 |       ||     6
  Eat: Chunk             |       |       |     2 |       ||     2
